Map: Apotheosis LE

Players

TheTeeTree

  • Race: Protoss Protoss
  • League: Platinum

Lapack - Winner!

  • Race: Protoss Protoss

VOD

Have the link to the VOD?

Description

Time

  • Played on: Aug. 15, 2016, 8:07 a.m.
  • Length: 5:18
Show
View Real Time Build Order
Export as new Build Order

TheTeeTree Protoss 

Build Orders:  

Get SALT Encoding   

  12  0:05  Probe (Chrono Boost)  
  13  0:16  Probe (Chrono Boost)  
  13  0:17  Pylon  
  14  0:26  Probe (Chrono Boost)  
  15  0:37  Probe (Chrono Boost)  
  15  0:39  Gateway  
  16  0:47  Probe (Chrono Boost)  
  16  0:49  Assimilator  
  17  0:58  Probe (Chrono Boost)  
  17  0:59  Assimilator  
  18  1:09  Probe (Chrono Boost)  
  19  1:14  Gateway  
  19  1:20  Probe (Chrono Boost)  
  20  1:31  Cybernetics Core  
  20  1:34  Probe (Chrono Boost)  
  21  1:44  Probe (Chrono Boost)  
  22  1:55  Probe (Chrono Boost)  
  23  2:02  Pylon  
  23  2:09  Warp Gate  
  23  2:19  Stalker x2  
  23  2:20  Probe (Chrono Boost)  
  28  2:31  Mothership Core (Chrono Boost)  
  29  2:53  Nexus  
  29  2:57  Probe (Chrono Boost)  
  30  3:05  Pylon  
  30  3:09  Probe (Chrono Boost)  
  30  3:17  Pylon  
  30  3:23  Sentry x2  
  33  3:33  Probe (Chrono Boost)  
  34  3:42  Twilight Council  
  34  3:43  Probe (Chrono Boost)  
  35  3:53  Pylon  
  35  3:54  Probe (Chrono Boost)  
  34  4:12  Stalker  
  34  4:13  Stalker  
  38  4:17  Robotics Facility  
  38  4:22  Gateway  
  38  4:32  Pylon  
  37  4:45  Stalker  
Show
View Real Time Build Order
Export as new Build Order

Lapack Protoss - Winner!

Build Orders:  

Get SALT Encoding   

  12  0:01  Probe (Chrono Boost)  
  13  0:11  Probe (Chrono Boost)  
  14  0:18  Pylon  
  14  0:22  Probe (Chrono Boost)  
  15  0:36  Probe (Chrono Boost)  
  15  0:37  Gateway  
  16  0:44  Assimilator  
  16  0:47  Probe (Chrono Boost)  
  17  0:53  Assimilator  
  17  0:57  Probe (Chrono Boost)  
  18  1:08  Probe (Chrono Boost)  
  19  1:11  Gateway  
  19  1:19  Probe (Chrono Boost)  
  19  1:25  Cybernetics Core  
  20  1:29  Probe (Chrono Boost)  
  21  1:35  Pylon  
  22  1:40  Probe (Chrono Boost)  
  22  1:47  Warp Gate  
  22  1:50  Probe (Chrono Boost)  
  23  2:02  Stalker x2  
  27  2:15  Pylon  
  27  2:21  Mothership Core (Chrono Boost)  
  29  2:32  Stalker  
  29  2:33  Stalker  
  33  2:48  Robotics Facility  
  33  2:55  Gateway  
  33  3:04  Pylon  
  33  3:15  Stalker  
  33  3:18  Stalker  
  37  3:32  Immortal  
  41  3:51  Stalker  
  43  4:01  Stalker x2  
  47  4:11  Pylon  
  47  4:27  Observer  
  48  4:45  Stalker x2  
  52  5:05  Adept  
Tags
 
Add a new tag
Caveats
  • Supply blocks, unpowered buildings, or Contaminate may cause inaccurate times.
  • Supply counts are checked every 10 seconds.